 Dungeon Crawl Stone Soup version 0.25-a0-96-g4073cf80fb (webtiles) character file.

Game seed: 11556440978028872701, levelgen mode: deterministic

118 vurker the Magician (level 4, -4/32 HPs)
             Began as a Mummy Fire Elementalist on Nov 11, 2019.
             Killed by divine providence
             ... invoked by an orc priest
              (13 damage)
             ... on level 3 of the Dungeon.
             The game lasted 00:02:36 (2204 turns).

vurker the Magician (Mummy Fire Elementalist)       Turns: 2204, Time: 00:02:37

Health: -4/32      AC:  3    Str: 11    XL:     4   Next: 72%
Magic:  9/9        EV: 12    Int: 15    God:
Gold:   77         SH:  0    Dex: 12    Spells: 9/10 levels left

rFire    x . .     SeeInvis .   d - +0 dagger (venom)
rCold    + . .     Gourm    .   (no shield)
rNeg     + + +     Faith    .   a - +0 robe
rPois    ∞         Spirit   .   (no helmet)
rElec    .         Reflect  .   g - +0 cloak
rCorr    .         Harm     .   (no gloves)
MR       .....                  (no boots)
Stlth    ++........             (no amulet)
HPRegen  0.10/turn              (no ring)
MPRegen  0.11/turn              (no ring)

@: no status effects
A: no food or potions, fire vulnerability, cold resistance 1, negative energy
resistance 3, torment resistance, unbreathing
a: no special abilities


You were on level 3 of the Dungeon.
You were not hungry.

You visited 1 branch of the dungeon, and saw 3 of its levels.

You collected 77 gold pieces.

Inventory:

Hand Weapons
 d - a +0 dagger of venom (weapon)
   (You took it off a goblin on level 1 of the Dungeon)
Armour
 a - a +0 robe (worn)
 g - a +0 cloak (worn)
   (You found it on level 2 of the Dungeon)
Wands
 v - a wand of digging (5)
   (You found it on level 2 of the Dungeon)
Scrolls
 b - a scroll of teleportation {unknown}
 c - a scroll of amnesia {unknown}
 e - a scroll of immolation {unknown}
 f - a scroll of remove curse {unknown}
 h - a scroll of fear {unknown}
 i - a scroll of identify {unknown}


   Skills:
 + Level 1.3 Fighting
 - Level 1.5 Dodging
 - Level 1.5 Stealth
 * Level 3.9 Spellcasting
 * Level 2.0 Conjurations
 * Level 3.2 Fire Magic


You had 9 spell levels left.
You knew the following spells:

 Your Spells              Type           Power        Failure   Level  Hunger
a - Flame Tongue          Conj/Fire      ##...        6%          1    N/A

Your spell library contained the following spells:

 Spells                   Type           Power        Failure   Level  Hunger
 Throw Flame              Conj/Fire      ##....       10%         2    N/A
 Conjure Flame            Conj/Fire      ##......     19%         3    N/A
 Inner Flame              Hex/Fire       #.......     28%         3    N/A
 Sticky Flame             Conj/Fire      ##......     52%         4    N/A
 Fireball                 Conj/Fire      ##........   86%         5    N/A

Dungeon Overview and Level Annotations

Branches:
Dungeon (3/15)

Altars:


Innate Abilities, Weirdness & Mutations

You do not eat or drink.
Your flesh is vulnerable to fire.
You are immune to poison.
Your flesh is cold resistant. (rC+)
You are immune to negative energy. (rN+++)
You are immune to unholy pain and torment.
You can survive without breathing.


Message History

Aim: a rat The flame tongue hits the rat.
You kill the rat!
You can't see any susceptible monsters within range! (Use Z to cast anyway.)
You see here a rat corpse.
A hobgoblin comes into view. It is wielding a +0 club.
The hobgoblin shouts!
A hobgoblin is nearby!
A hobgoblin is nearby!
You can't see any susceptible monsters within range! (Use Z to cast anyway.)
Aim: a hobgoblin, wielding a +0 club The flame tongue hits the hobgoblin.
Aim: a hobgoblin, wielding a +0 club (moderately wounded)
The flame tongue hits the hobgoblin.
The hobgoblin hits you with a +0 club!
Aim: a hobgoblin, wielding a +0 club (almost dead)
The flame tongue hits the hobgoblin.
You kill the hobgoblin!
Things that are here:
a +0 club; a hobgoblin corpse As you open the door, it creaks loudly!
There is an open door here.
An orc comes into view. It is wielding a +0 mace.
The orc shouts!
You hear a shout!
An orc priest comes into view. It is wielding a +0 club.
There are monsters nearby!
A rat comes into view.
The orc priest shouts!
You hear a shout! x4
An orc wizard comes into view. It is wielding a +0 dagger.
An orc comes into view. It is wielding a +0 short sword.
There is an open door here.
The orc priest calls down the wrath of Beogh upon you.
Beogh smites you!
You hear a shout! x2
You close the door.
An orc priest comes into view.
Aim: an orc, wielding a +0 mace The flame tongue hits the orc!
You kill the orc!
The orc priest calls down the wrath of Beogh upon you.
Beogh smites you!
* * * LOW HITPOINT WARNING * * *
An orc comes into view. It is wielding a +0 flail.
An orc comes into view. It is wielding a +0 club.
You hear a shout!
You close the door.
An orc priest opens the door.
There is an open door here.
The orc priest mumbles some strange prayers to Beogh against you.
Beogh smites you!
You die...

####'##########.......
#...ooo...o#.....##
##########o#r....#
#..........#.....#
#..........#######
#..........#
#..........#
######..........#
#<...'.†.@.)....#
######.........##
#.........#
#.........#
###########


You could see an orc priest and an orc.

Vanquished Creatures
  Terence (D:2)
  4 adders (D:2)
  An ooze (D:2)
  3 worms (D:2)
  3 dart slugs
  An orc (D:3)
  4 bats
  A giant cockroach (D:2)
  4 goblins
  3 hobgoblins
  6 kobolds
  A quokka (D:2)
  3 frilled lizards (D:2)
  6 rats
41 creatures vanquished.

Notes
Turn   | Place    | Note
-------+----------+-------------------------------------------
     0 | D:1      | vurker the Mummy Fire Elementalist began the quest for the
                  | Orb.
     0 | D:1      | Reached XP level 1. HP: 13/13 MP: 4/4
    73 | D:1      | Reached skill level 1 in Conjurations
   255 | D:1      | Reached XP level 2. HP: 19/19 MP: 2/5
   964 | D:2      | Reached XP level 3. HP: 25/25 MP: 2/7
  1280 | D:2      | Reached skill level 1 in Fighting
  1398 | D:2      | Noticed Terence
  1409 | D:2      | Killed Terence
  1409 | D:2      | Reached XP level 4. HP: 32/32 MP: 2/9
  2204 | D:3      | Killed from afar by an orc priest

Levels and vault maps discovered:
D:1:      lemuel_arrival_broad_hall, layout_loops_ring
D:2:      layout_loops_cross, first_ration, uniq_terence
D:3:      layout_basic, minmay_misc_feat_more_columns, minmay_misc_feat_square

Skill      XL: |  1  2  3  4 |
---------------+-------------+-----
Conjurations   | 1 2 |  2.0
Spellcasting   | 3 |  3.9
Fighting       | 1 |  1.3
Fire Magic     | 3 |  3.2
Dodging        | |  1.5
Stealth        | |  1.5

Action                   |  1- 3 |  4- 6 || total
-------------------------+-------+-------++-------
Melee: Dagger            |    10 |     4 ||    14
 Cast: Flame Tongue      |    61 |    20 ||    81
  Use: Scroll            |     1 |       ||     1
 Stab: Sleeping          |       |     2 ||     2
Armor: Robe              |     7 |     3 ||    10
Dodge: Dodged            |    30 |     7 ||    37

Table legend:
 A = Non-vault XP
 B = Vault XP
 C = Vault XP percentage of total XP
 D = Non-vault monster count
 E = Vault monster count
 F = Vault count percentage of total count
                 A         B        C        D         E       F
            +---------+---------+-------+---------+---------+-------
      Total |     133 |      36 |  21.3 |      40 |       1 |   2.4
            +---------+---------+-------+---------+---------+-------
        D:1 |      24 |       0 |   0.0 |      14 |       0 |   0.0
        D:2 |     103 |      36 |  25.9 |      23 |       1 |   4.2
        D:3 |       6 |       0 |   0.0 |       3 |       0 |   0.0
            +---------+---------+-------+---------+---------+-------
